 Dungeon Sprint DCSS version 0.29-a0-857-g9b1aa3ac5b (webtiles) character file.

Game seed: 18097932713434711721

137 manyhoops the Slasher (level 5, 0/48 HPs)
             Began as a Human Berserker on July 16, 2022.
             Was a Follower of Trog.
             Slain by a neqoxec (5 damage)
             ... in the Dungeon (Sprint II: "The Violet Keep of Menkaure").
             The game lasted 00:00:16 (38 turns).

manyhoops the Slasher (Human Berserker)               Turns: 38, Time: 00:00:16

Health: 0/48       AC:  2    Str: 17      XL:     5   Next: 43%
Magic:  5/5        EV: 12    Int:  2 (7)  God:    Trog [*.....]
Gold:   0          SH:  0    Dex:  9      Spells: 4/4 levels left

rFire   . . .      SeeInvis .   a - +0 falchion
rCold   . . .      Faith    .   (no shield)
rNeg    . . .      Spirit   .   b - +0 animal skin
rPois   .          Reflect  .   (no helmet)
rElec   .          Harm     .   (no cloak)
rCorr   .          Rampage  .   (no gloves)
Will    .....      Rage     3%  (no boots)
Stlth   +......... NoTele   +   (no amulet)
HPRegen 0.16/turn               (no ring)
MPRegen 0.09/turn               (no ring)

@: on berserk cooldown, slowed, unable to drink, very slow
A: berserk 1, clumsy 2, screaming 1, weak 1, inability to drink while threatened
1
a: Renounce Religion, Berserk


You were in the Dungeon.
You worshipped Trog.
Trog was aware of your devotion.
You visited 1 branch

Inventory:

Hand Weapons
 a - a +0 falchion (weapon)
Armour
 b - a +0 animal skin (worn)
Scrolls
 h - a scroll of blinking
Potions
 c - a potion of curing
 d - a potion of heal wounds
 e - a potion of haste
 f - 2 potions of magic
 g - a potion of berserk rage


   Skills:
 + Level 7.4 Fighting
 + Level 7.8 Long Blades
 - Level 2.0 Armour
 - Level 2.0 Dodging


You had 4 spell levels left.
You didn't know any spells.
Your spell library was empty.

Dungeon Overview and Level Annotations

Branches:
Dungeon (1/1)

Altars:


Innate Abilities, Weirdness & Mutations

You sometimes lose your temper in combat.
You are very clumsy. (Dex -4)
You occasionally shout uncontrollably at your foes.
You are weak. (Str -2)
You occasionally lose the ability to drink potions when taking damage.


Message History

The neqoxec is severely wounded.
The neqoxec gestures at you.
Something tries to feed on your intellect!
You barely miss the neqoxec.
The neqoxec is severely wounded.
The neqoxec barely misses you.
You hit the neqoxec.
The neqoxec is severely wounded.
The neqoxec hits you! The neqoxec barely misses you.
You miss the neqoxec.
The neqoxec is severely wounded.
The neqoxec misses you.
You hit the neqoxec.
The neqoxec is almost dead.
The neqoxec misses you.
You barely miss the neqoxec.
The neqoxec is almost dead.
The neqoxec hits you!
You feel threatened and lose the ability to drink potions!
The neqoxec closely misses you. The neqoxec hits you!
* * * LOW HITPOINT WARNING * * *
The neqoxec gestures at you.
Something tries to feed on your intellect!
The neqoxec hits you but does no damage.
The neqoxec gestures at you.
Something tries to feed on your intellect!
The neqoxec hits you.
* * * LOW HITPOINT WARNING * * *
The neqoxec gestures at you.
Strange energies course through your body.
You feel clumsy. The neqoxec gestures at you.
Something tries to feed on your intellect!
The neqoxec gestures at you.
Something tries to feed on your intellect!
The neqoxec gestures at you.
You feel dopey. Something feeds on your intellect! The neqoxec hits you.
You die...

##+#
#333##
##@#
##.##
#'##
##.##
+.<.+
##.##
#+#


You could see 3 neqoxecs.

Vanquished Creatures
  A neqoxec (D)
1 creature vanquished.

Notes
Turn   | Place    | Note
-------+----------+-------------------------------------------
     0 | D        | manyhoops the Human Berserker began the quest for the Orb.
     0 | D        | Reached XP level 1. HP: 18/18 MP: 1/1
     1 | D        | Noticed a neqoxec
     7 | D        | Gained mutation: You occasionally lose the ability to drink
                  | potions when taking damage. [a neqoxec]
     8 | D        | Gained mutation: You occasionally shout uncontrollably at
                  | your foes. [a neqoxec]
    10 | D        | Killed a neqoxec
    11 | D        | Reached XP level 2. HP: 31/31 MP: 2/2
    11 | D        | Reached XP level 3. HP: 36/36 MP: 3/3
    11 | D        | Reached XP level 4. HP: 43/43 MP: 4/4
    11 | D        | Reached XP level 5. HP: 48/48 MP: 5/5
    13 | D        | Noticed a neqoxec
    13 | D        | Noticed a neqoxec
    13 | D        | Noticed a neqoxec
    15 | D        | Gained mutation: You are weak. (Str -2) [a neqoxec]
    19 | D        | Gained mutation: You are clumsy. (Dex -2) [a neqoxec]
    26 | D        | Gained mutation: You sometimes lose your temper in combat.
                  | [a neqoxec]
    36 | D        | Gained mutation: You are very clumsy. (Dex -4) [a neqoxec]
    38 | D        | Slain by a neqoxec

Illustrated notes

Levels and vault maps discovered:
D:        the_violet_keep_of_menkaure [sprint2_stairs_cluster_1,
          sprint2_shoproom, sprint2_temple, sprint2_basic_supplies,
          sprint2_obstacle_5, sprint2_obstacle_6, sprint2_obstacle_7,
          sprint2_obstacle_2, sprint2_obstacle_3, sprint2_timed_cluster_1,
          sprint2_smallroom_cluster_1, sprint2_smallroom_final_cluster_1,
          sprint2_transparent_cluster_1, sprint2_second_timed_cluster_1,
          sprint2_sniper_area_1, sprint2_heavy_combat_area_1,
          sprint2_mutation_trap_area_1, sprint2_forest_area_1,
          sprint2_light_combat_area_1, sprint2_behind_water_1,
          sprint2_near_end_vault_1]

Skill      XL: |  1 |
---------------+----+-----
Fighting       | 7 |  7.4
Long Blades    | 7 |  7.8
Armour         | |  2.0
Dodging        | |  2.0

Action                   |  1- 3 |  4- 6 || total
-------------------------+-------+-------++-------
Melee: Falchion          |     8 |    19 ||    27
Invok: Berserk           |     1 |       ||     1
Armor: Animal skin       |       |     3 ||     3
Dodge: Dodged            |       |    16 ||    16

Table legend: (Time is in decaauts)
 A = Elapsed time spent in this place.
 B = Non-inter-level travel time spent in this place.
 C = Inter-level travel time spent in this place.
 D = Time resting spent in this place.
 E = Time spent auto-exploring this place.
 F = Levels seen in this place.
 G = Mean time per level.
                   A        B        C        D        E       F      G
               +--------+--------+--------+--------+--------+-----+--------+
         Total |     44 |     44 |      0 |      0 |      1 |   1 |   44.0 |
       Dungeon |     44 |     44 |      0 |      0 |      1 |   1 |   44.0 |
               +--------+--------+--------+--------+--------+-----+--------+

Top non-repeatable levels by time:
       D: 44 daAuts
